 Dungeon Crawl Stone Soup version 0.29-a0-810-g3812dd5c9c (webtiles) character file.

Game seed: 11508275101682925239

506 Colgate the Slicer (level 7, -4/43 HPs)
             Began as a Kobold Brigand on July 4, 2022.
             Was an Initiate of Gozag.
             Killed by nerve-wracking pain
             ... invoked by Grinder
              (12 damage)
             ... on level 4 of the Dungeon.
             The game lasted 00:16:17 (4469 turns).

Colgate the Slicer (Kobold Brigand)                 Turns: 4469, Time: 00:16:18

Health: -4/43      AC:  5    Str:  8    XL:     7   Next: 41%
Magic:  7/7        EV: 14    Int: 13    God:    Gozag
Gold:   448        SH:  0    Dex: 18    Spells: 6/6 levels left

rFire   . . .      SeeInvis .   b - +0 short sword (holy)
rCold   . . .      Faith    .   (no shield)
rNeg    . . .      Spirit   .   t - +0 robe
rPois   .          Reflect  .   n - +0 helmet
rElec   .          Harm     .   c - +0 cloak
rCorr   .          Rampage  .   r - +0 pair of gloves
Will    .....                   (no boots)
Stlth   ++++......              (no amulet)
HPRegen 0.14/turn               (no ring)
MPRegen 0.10/turn               (no ring)

@: gold aura
A: small, no large weapons, nightstalker 3
a: Renounce Religion, Potion Petition, Call Merchant, Bribe Branch


You were on level 4 of the Dungeon.
You worshipped Gozag.
Gozag was aware of your devotion.
You visited 1 branch of the dungeon, and saw 4 of its levels.

You collected 448 gold pieces.

Inventory:

Hand Weapons
 a - a +2 dagger
 b - a +0 short sword of holy wrath (weapon)
 w - the +2 mace of the Tentacled God {elec, rElec rF+++}
   (You took it off a kobold on level 3 of the Dungeon)

   It occasionally discharges a powerful burst of electricity upon striking a
   foe.
   rF:        It renders you almost immune to fire.
   rElec:     It insulates you from electricity.
Missiles
 d - 15 poisoned darts (quivered)
 e - a curare-tipped dart
 i - 4 datura-tipped darts
 x - a throwing net {!f}
Armour
 c - a +0 cloak (worn)
 n - a +0 helmet (worn)
 r - a +0 pair of gloves (worn)
 t - a +0 robe (worn)
 C - a +0 kite shield
Scrolls
 g - a scroll of magic mapping {unknown}
 j - a scroll of identify {unknown}
 l - a scroll of vulnerability {unknown}
 m - a scroll of blinking {@r4}
 o - a scroll of fear {unknown}
 p - 2 scrolls of teleportation {@r3}
 s - a scroll of enchant weapon {unknown}
 v - a scroll of noise
 y - a scroll of enchant armour {unknown}
Potions
 f - a potion of cancellation {unknown}
 h - 3 potions of curing {unknown}
 k - 3 potions of heal wounds {unknown}
 q - 2 potions of might {unknown}
 u - a potion of attraction {unknown}
 A - a potion of resistance {@q5}
 B - a potion of mutation {unknown}
Miscellaneous
 z - a tin of tremorstones (2/2)


   Skills:
 - Level 4.1 Fighting
 - Level 8.1 Short Blades
 - Level 2.1 Throwing
 - Level 1.2 Dodging
 - Level 6.4 Stealth
 + Level 1.1 Poison Magic


You had 6 spell levels left.
You didn't know any spells.
Your spell library contained the following spells:

 Spells                   Type           Power      Damage    Failure   Level
 Sting                    Tmut/Pois      4%         1d3       26%         1
 Poisonous Vapours        Pois/Air       2%         N/A       36%         2
 Olgreb's Toxic Radiance  Pois           2%         N/A       89%         4


Dungeon Overview and Level Annotations

Branches:
Dungeon (4/15)
 Temple: D:4-7

Altars:
Gozag

Annotations:
D:4 Grinder


Innate Abilities, Weirdness & Mutations

You are small and have problems with some larger weapons.
You are completely attuned to the shadows.


Message History

There is an open door here.
Throw: 15 darts (poison)
Aim: Grinder (61% to hit)
Okay, then.
Unknown command.
Unknown command.
Okay, then.
Unknown command.
There is an open door here.
No target in view!
There is an open door here.
The white imp hits you but does no damage.
You hit the white imp but do no damage. The white imp closely misses you.
Your +0 short sword of holy wrath softly glows with a divine radiance!
b - a +0 short sword of holy wrath (weapon)
There is an open door here.
The white imp gestures at you. The puff of frost hits you!
The white imp gestures at you. The puff of frost hits you!
You hit the white imp but do no damage.
The white imp hits you but does no damage.
You barely miss the white imp. The white imp barely misses you.
Grinder blinks!
The white imp laughs crazily.
You hit the white imp.
The white imp convulses.
You kill the white imp!
You see here 6 gold pieces.
You hit Grinder but do no damage. You hit Grinder.
Grinder convulses.
Grinder hits you.
You writhe in agony.
You hit Grinder.
Grinder convulses.
Grinder gestures at you. Pain shoots through your body!
* * * LOW HITPOINT WARNING * * *
You hit Grinder.
Grinder convulses.
You hit Grinder.
Grinder convulses.
Grinder blinks!
You see here 6 gold pieces.
Grinder gestures at you. Pain shoots through your body!
You die...
Your body crumbles into a pile of gold.

#.# #.# #.# ####'###
.#######.### #......#
...........# #......#
....5$.....# #......#
...........# #......#
....5.##'####### #.......
......##.#.....###.(.....
......##@#............#..
.#######$#...5..#######..
###.#......##### #..
#..5'........... +..
#.#.#......##### #..
'......#....### ###
##.....#......# #..
#.....######.#####..
>....'..........'.#


You could see Grinder.

Vanquished Creatures
  Sigmund (D:3)
  A hound (D:3)
  An orc priest (D:4)
  An iguana (D:4)
  Natasha (thrice) (D:2)
  An orc wizard (D:4)
  2 gnolls (D:3)
  5 adders
  A white imp (D:4)
  An ufetubus (D:4)
  5 dart slugs
  3 worms
  7 orcs
  8 ball pythons
  4 endoplasms
  A giant cockroach (D:1)
  3 goblins
  A hobgoblin (D:3)
  2 jackals (D:3)
  2 quokkas (D:4)
  5 bats
  A frilled lizard (D:3)
  8 kobolds
  8 rats
75 creatures vanquished.

Vanquished Creatures (others)
  3 plants (D:1)
3 creatures vanquished.

Grand Total: 78 creatures vanquished

Notes
Turn   | Place    | Note
-------+----------+-------------------------------------------
     0 | D:1      | Colgate the Kobold Brigand began the quest for the Orb.
     0 | D:1      | Reached XP level 1. HP: 12/12 MP: 1/1
    29 | D:1      | Reached skill level 3 in Short Blades
   126 | D:1      | Reached XP level 2. HP: 17/17 MP: 2/2
   239 | D:1      | Reached skill level 4 in Short Blades
   364 | D:1      | Reached XP level 3. HP: 20/22 MP: 3/3
   455 | D:1      | Found a faded altar of an unknown god.
   568 | D:1      | Prayed at the altar of an unknown god.
   568 | D:1      | Became a worshipper of Gozag Ym Sagoz the Greedy
  1198 | D:2      | Noticed Natasha
  1202 | D:2      | Killed Natasha
  1203 | D:2      | Reached XP level 4. HP: 29/29 MP: 4/4
  1270 | D:2      | Noticed Natasha
  1277 | D:2      | Killed Natasha
  1278 | D:2      | Reached XP level 5. HP: 33/33 MP: 5/5
  1289 | D:2      | Noticed Natasha
  1291 | D:2      | Killed Natasha
  1784 | D:3      | Reached skill level 5 in Short Blades
  1908 | D:3      | Reached XP level 6. HP: 37/38 MP: 6/6
  2503 | D:3      | Noticed Sigmund
  2524 | D:3      | Killed Sigmund
  2525 | D:3      | Reached skill level 7 in Short Blades
  2893 | D:3      | Identified the +2 mace of the Tentacled God {elec, rElec
                  | rF+++}
  2901 | D:3      | Reached XP level 7. HP: 43/43 MP: 7/7
  3853 | D:4      | Reached skill level 8 in Short Blades
  4310 | D:4      | Reached skill level 1 in Poison Magic
  4311 | D:4      | Noticed Grinder
  4469 | D:4      | Killed from afar by Grinder

Illustrated notes

Levels and vault maps discovered:
D:1:      eino_arrival_tree_alley, layout_basic,
          ebering_ecumenical_altar_sacrificial, serial_bayou_ford_a
D:2:      layout_rooms, serial_rivers, chequers_serial_rivers_micro_b,
          chequers_serial_rivers_large_a, chequers_serial_rivers_small_3,
          chequers_serial_rivers_micro_c, chequers_serial_rivers_large_b,
          chequers_serial_rivers_small_3, lemuel_old_faithful, uniq_natasha
D:3:      layout_basic, uniq_sigmund
D:4:      minmay_razor_zed, layout_basic, minmay_checkerbox, uniq_grinder

Skill      XL: |  1  2  3  4  5  6  7 |
---------------+----------------------+-----
Short Blades   | 3 4 5 7 8 |  8.1
Fighting       | 4 |  4.1
Stealth        | 6 |  6.4
Poison Magic   | 1 |  1.1
Throwing       | |  2.1
Dodging        | |  1.2

Action                   |  1- 3 |  4- 6 |  7- 9 || total
-------------------------+-------+-------+-------++-------
Melee: Dagger            |    78 |    75 |    70 ||   223
       Punch             |       |     1 |     3 ||     4
       Short sword       |       |       |    51 ||    51
Throw: Dart              |       |    16 |     7 ||    23
  Use: Scroll            |     1 |     1 |     1 ||     3
 Stab: Sleeping          |    17 |    10 |     4 ||    31
       Distracted        |       |     1 |       ||     1
Armor: Robe              |    10 |    17 |    20 ||    47
Dodge: Dodged            |    40 |    34 |    54 ||   128

Table legend: (Time is in decaauts)
 A = Elapsed time spent in this place.
 B = Non-inter-level travel time spent in this place.
 C = Inter-level travel time spent in this place.
 D = Time resting spent in this place.
 E = Time spent auto-exploring this place.
 F = Levels seen in this place.
 G = Mean time per level.
                   A        B        C        D        E       F      G
               +--------+--------+--------+--------+--------+-----+--------+
         Total |   4457 |   4286 |    171 |    373 |   2986 |   4 | 1114.2 |
       Dungeon |   4457 |   4286 |    171 |    373 |   2986 |   4 | 1114.2 |
               +--------+--------+--------+--------+--------+-----+--------+

Top non-repeatable levels by time:
     D:3: 1312 daAuts
     D:2: 1179 daAuts
     D:4: 1138 daAuts
     D:1: 827 daAuts
